[Event "*** SCC Grand Prix: Titled Tuesday Blitz"]
[Site "Chess.com"]
[Date "2020.07.21"]
[Round "3"]
[White "PlotnikovPavel"]
[Black "GM_dmitrij"]
[Result "0-1"]
[WhiteElo "2455"]
[BlackElo "2928"]
[TimeControl "180+1"]
[EndTime "10:28:42 PDT"]
[Termination "GM_dmitrij won on time"]

1. e4 c6 2. d4 d5 3. exd5 cxd5 4. Bd3 Nc6 5. c3 g6 6. Bf4 Bg7 7. Nd2 Nh6 8. Ngf3 O-O 9. O-O f6 10. c4 Nf7 11. cxd5 Nb4 12. Bc4 Nxd5 13. Bg3 b6 14. Re1 Bb7 15. Qb3 Qd7 16. Rac1 a6 17. a4 Rfd8 18.
Bxd5 Bxd5 19. Qxb6 Bf8 20. Ne4 Qxa4 21. Nc5 Qb5 22.
Qxb5 axb5 23. Ne6 Rd7 24. Rc7 Bxe6 25. Rxe6 Rxc7 26. Bxc7 Ng5 27. Re1 Nxf3+ 28. gxf3 Ra2 29. Re2 Kf7 30. Kg2 e6 31. Bf4 Ra4 32. Be3 Ke8 33.
b3 Ra6 34. Rc2 Kd7 35. Kf1 Bd6 36. h3 Ra3 37. Rb2 Ra1+ 38. Ke2 g5 39. Rd2 Rb1 40.
Rd3 h5 41. Bd2 Rh1 42. d5 Rxh3 43. dxe6+ Kxe6 44. Re3+ Be5 45. f4 Rxe3+ 46. fxe3 Bd6 47. Kf3 g4+ 48. Ke4 f5+ 49. Kd3 h4 50. Be1 h3 51.
Bg3 Kd5 52. Bh2 Be7 53. Ke2 Ke4 54. Kf2 Bc5 0-1

[Event "*** SCC Grand Prix: Titled Tuesday Blitz"]
[Site "Chess.com"]
[Date "2020.07.21"]
[Round "3"]
[White "tsvet2005"]
[Black "Rap_woyska"]
[Result "1-0"]
[WhiteElo "2592"]
[BlackElo "2369"]
[TimeControl "180+1"]
[EndTime "10:28:42 PDT"]
[Termination "tsvet2005 won by resignation"]

1. d4 d5 2. c4 c6 3. Nf3 Nf6 4. g3 e6 5. Bg2 dxc4 6. O-O b5 7.
a4 Bb7 8. b3 cxb3 9. Qxb3 a6 10. Ne5 Be7 11. Bb2 O-O 12. Rc1 Nd5 13. Nd2 f6 14. Nd3 f5 15. Nc5 Bc8 16. Nf3 Bxc5 17. dxc5 Nd7 18. Nd4 bxa4 19. Qxa4 N7f6 20. Qxc6 Rb8 21.
Nxe6 Qe8 22. Qxe8 Rxe8 23. Bxf6 Nxf6 24. Nd4 Ne4 25. c6 Rb4 26. e3 g6 27. Ra5 Kf8 28.
h4 Ke7 29. h5 Kd6 30. Rd1 Kc7 31. Raa1 Nc3 32. Rd3 Ne4 33. Rdd1 Nc3 34. Rdc1 Ne4 35. Bf1 Rb6 36. Ra5 Nd6 37. hxg6 hxg6 38. Bd3 Ne4 39.
Rca1 Nd6 40. Bxa6 Bxa6 41. Rxa6 Rxa6 42. Rxa6 Rb8 43. Ra7+ Kb6 44. Rd7 Kc5 45. c7 Rc8 46. Rd8 Kb6 47. Ne6 Kc6 48. Kg2 Kb7 49. Rxd6 Ka7 50.
Rd8 Kb7 51. Rxc8 Kxc8 1-0

[Event "*** SCC Grand Prix: Titled Tuesday Blitz"]
[Site "Chess.com"]
[Date "2020.07.21"]
[Round "3"]
[White "cassoulet"]
[Black "Oleksandr_Bortnyk"]
[Result "1/2-1/2"]
[WhiteElo "2661"]
[BlackElo "2940"]
[TimeControl "180+1"]
[EndTime "10:28:44 PDT"]
[Termination "Game drawn by repetition"]

1. e4 Nf6 2. Nc3 d5 3. e5 Nfd7 4. d4 c5 5. f4 cxd4 6. Qxd4 e6 7. Nf3 Bc5 8. Qd3 Nc6 9. a3 a6 10. Be3 d4 11. Nxd4 Ndxe5 12. fxe5 Bxd4 13. O-O-O Bxe5 14. Qc4 Qc7 15. Qc5 Ne7 16. Ne4 Nd5 17. Qxc7 Bxc7 18. Bc5 Bd7 19. c4 Nf6 20. Nxf6+ gxf6 21. Be2 Bc6 22. Rhf1 f5 23. g3 Rg8 24. Bh5 Rg5 25. Be2 f4 26. Bd4 fxg3 27. hxg3 Bxg3 28. Bf6 Rf5 29. Rxf5 exf5 30. Bd3 f4 31. Bxh7 Bd7 32.
Be4 Rc8 33. Bd5 Be6 34. b3 Bxd5 35. Rxd5 f3 36. Kd2 b5 37. Ke3 f2 38. Ke2 bxc4 39. bxc4 a5 40. c5 Bc7 41. c6 Bd8 42. Bxd8 Rxd8 43.
Re5+ Kf8 44. Kxf2 Rc8 45. Rc5 Ke7 46. Ke3 Kd6 47. Rxa5 Rxc6 48. Rf5 Ke6 49. Ra5 Rc1 50. a4 f5 51. Kf4 Rc4+ 52. Ke3 Rb4 53. Ra6+ Ke5 54.
Ra5+ Kf6 55. Ra8 Kg5 56. Rg8+ Kf6 57. a5 Ra4 58. Ra8 Ke5 59. Re8+ Kd5 60. Ra8 Ke5 61.
Re8+ Kf6 62. Ra8 Ke5 1/2-1/2

[Event "*** SCC Grand Prix: Titled Tuesday Blitz"]
[Site "Chess.com"]
[Date "2020.07.21"]
[Round "3"]
[White "sergeikim"]
[Black "Biranidun"]
[Result "1/2-1/2"]
[WhiteElo "2456"]
[BlackElo "2861"]
[TimeControl "180+1"]
[EndTime "10:28:44 PDT"]
[Termination "Game drawn by repetition"]

1. d4 Nf6 2. c4 g6 3. Nc3 Bg7 4. e4 d6 5. Nge2 O-O 6. Ng3 c5 7.
d5 e6 8. Be2 exd5 9. cxd5 Na6 10. O-O Nc7 11. a4 b6 12. Bf4 Re8 13. Qd2 a6 14.
Bh6 Bh8 15. h3 Rb8 16. f4 b5 17. axb5 axb5 18. Bf3 b4 19. Nd1 Nb5 20. e5 Nd7 21. e6 Nf6 22. f5 Nd4 23. Ne3 Qe7 24. Rae1 Ba6 25. Be2 Nxe2+ 26. Nxe2 Ne4 27. Qc2 Bxe2 28. Qxe2 Ng3 29. Qg4 Nxf1 30. Rxf1 Bd4 31. Kh1 Kh8 32.
Nc4 Qb7 33. Nxd6 Qxd5 34. Nxe8 Rxe8 35. exf7 Qxf7 36. f6 Be5 37. Bg7+ Kg8 38. b3 h5 39.
Qf3 Kh7 40. Qc6 Re6 41. Qxc5 Bxf6 42. Bxf6 Rxf6 43. Rxf6 Qxf6 44. Qxb4 Qf1+ 45. Kh2 Kh6 46. Qc4 Qe1 47. Qf4+ Kg7 48. Qd4+ Kh6 49. Qh8+ Kg5 50. Qd8+ Kh6 51. Qh8+ Kg5 52. Qd8+ Kh6 53.
Qh8+ 1/2-1/2

[Event "*** SCC Grand Prix: Titled Tuesday Blitz"]
[Site "Chess.com"]
[Date "2020.07.21"]
[Round "3"]
[White "canary2016"]
[Black "petroniy_arbitr"]
[Result "0-1"]
[WhiteElo "1901"]
[BlackElo "2275"]
[TimeControl "180+1"]
[EndTime "10:28:44 PDT"]
[Termination "petroniy_arbitr won by checkmate"]

1. Nf3 d5 2. c4 c6 3. d4 Nf6 4. g3 Bg4 5. Bg2 e6 6. Nc3 Nbd7 7. h3 Bh5 8. g4 Bg6 9. Bf4 Be7 10. O-O O-O 11. Re1 dxc4 12. e4 b5 13. Nd2 Nb6 14. h4 h5 15. g5 Nh7 16. Bf3 Qxd4 17. Bxh5 Rad8 18. Be3 Qd6 19. Qf3 Qe5 20. Rad1 Bc5 21. Bf4 Qd4 22. Ndb1 Qxf2+ 23. Qxf2 Bxf2+ 24. Kxf2 Bxh5 25. Rxd8 Rxd8 26. Nd2 Nf8 27. Be3 Ng6 28. Nf3 Bxf3 29.
Kxf3 Ne5+ 30. Kg3 Rd3 31. Re2 Nbd7 32. Kg2 a6 33. Bf4 g6 34. Be3 b4 35. Na4 c3 36.
bxc3 bxc3 37. Bf4 Nc4 38. Rc2 e5 39. Rxc3 Rxc3 40. Nxc3 exf4 41. Kf3 Nc5 42. Kxf4 Kf8 43. Ne2 Ke7 44. Nd4 Ne6+ 45. Nxe6 Kxe6 46. Kg4 Ne5+ 47.
Kf4 c5 48. Ke3 c4 49. h5 gxh5 50. Kd4 h4 51. g6 fxg6 52. a4 h3 53. a5 c3 54. Kc5 h2 55. Kb6 h1=Q 56. Ka7 c2 57. Kb8 c1=Q 58. Ka7 Qh7+ 59. Ka8 Qc8# 0-1

[Event "*** SCC Grand Prix: Titled Tuesday Blitz"]
[Site "Chess.com"]
[Date "2020.07.21"]
[Round "3"]
[White "Quattroporte300"]
[Black "keshka01"]
[Result "0-1"]
[WhiteElo "2330"]
[BlackElo "2564"]
[TimeControl "180+1"]
[EndTime "10:28:45 PDT"]
[Termination "keshka01 won by resignation"]

1. e4 Nf6 2. e5 Nd5 3. d4 d6 4. Nf3 dxe5 5. dxe5 Bg4 6. h3 Bh5 7. Bc4 e6 8. O-O c6 9. Re1 Nd7 10. Nbd2 Qc7 11. Qe2 Be7 12. c3 O-O 13. a4 a5 14.
Nf1 Bxf3 15. gxf3 f6 16. f4 fxe5 17. fxe5 Bc5 18. Ne3 Qxe5 19. Nxd5 exd5 20. Qxe5 Nxe5 21. Bxd5+ cxd5 22. Rxe5 Rxf2 23. Rxd5 Rf5+ 24. Rxc5 Rxc5 25. Be3 Re5 26. Bd4 Re2 27. b3 Rae8 28. Rf1 Re1 29. Kf2 Rxf1+ 30. Kxf1 Kf7 31. Kf2 g5 32. Bb6 Ra8 33. Ke3 Ke6 34. Ke4 Ra6 35. Be3 Rc6 36. c4 h6 37. Bd2 b6 38. Be3 Rd6 39. Bf2 Kf6 40. Bd4+ Rxd4+ 41. Kxd4 Kf5 42. c5 bxc5+ 43. Kxc5 h5 44. b4 g4 45. hxg4+ hxg4 46. b5 g3 47. b6 g2 48. Kb5 g1=Q 49. Kxa5 Qc5+ 50. Ka6 Qc6 51. a5 Qa8+ 52. Kb5 Ke6 53. a6 Kd6 54. b7 Qa7 55. Ka5 Kc5 56. Ka4 0-1

[Event "*** SCC Grand Prix: Titled Tuesday Blitz"]
[Site "Chess.com"]
[Date "2020.07.21"]
[Round "3"]
[White "UCantHandleDenker"]
[Black "diablanni"]
[Result "1/2-1/2"]
[WhiteElo "2555"]
[BlackElo "2337"]
[TimeControl "180+1"]
[EndTime "10:28:45 PDT"]
[Termination "Game drawn by agreement"]

1. Nf3 c5 2. g3 g6 3. Bg2 Nf6 4. O-O d6 5. d3 Nc6 6. e4 Bg7 7. Nbd2 O-O 8. a4 Bg4 9. h3 Bxf3 10. Nxf3 Rb8 11. Re1 Nd7 12. h4 a6 13. h5 b5 14.
axb5 axb5 15. h6 Bh8 16. c3 e5 17. Bh3 Re8 18. Bg5 Qc7 19. Qe2 Nf8 20. Ra6 Qb7 21.
Rea1 Ra8 22. R6a2 Rxa2 23. Rxa2 Ra8 24. b3 b4 25. c4 Ra3 26. Rb2 Qa7 27. Be3 Bf6 28. Kg2 Nd8 29. Bg5 Bxg5 30. Nxg5 f6 31. Nf3 Kf7 32. Qe3 Ra2 33. Re2 Qa3 34. Rxa2 Qxa2 35. Nd2 Qc2 36. Qe1 Qxd3 37. Kg1 Nc6 38. Bf1 Qc3 39. Qd1 Nd4 40. Kg2 Nfe6 41. Be2 Ke7 42.
Bg4 f5 43. exf5 gxf5 44. Bxf5 Nxf5 45. Ne4 Qd4 46. Qg4 Nf4+ 47. gxf4 Qxe4+ 48. f3 Qxf4 49. Qg8 Qxh6 50. Qc8 Qg7+ 51. Kf2 Qg3+ 52. Ke2 Qg2+ 53.
Ke1 Nd4 54. Qc7+ Ke6 55. Qc8+ Kf6 56. Qf8+ Ke6 57. Qe8+ Kf6 58. Qf8+ Ke6 59. Qe8+ Kf6 1/2-1/2

[Event "*** SCC Grand Prix: Titled Tuesday Blitz"]
[Site "Chess.com"]
[Date "2020.07.21"]
[Round "3"]
[White "ItsCheckM8Mate"]
[Black "WonderChampion"]
[Result "1-0"]
[WhiteElo "2287"]
[BlackElo "1986"]
[TimeControl "180+1"]
[EndTime "10:28:45 PDT"]
[Termination "ItsCheckM8Mate won by resignation"]

1. e4 c5 2. Nf3 g6 3. d4 cxd4 4.
Nxd4 Nc6 5. c4 Nf6 6. Nc3 Nxd4 7. Qxd4 d6 8. Be3 Bg7 9. Be2 O-O 10. Qd2 Nd7 11. Rc1 a5 12. b3 Nc5 13. f3 a4 14.
b4 Nd7 15. a3 Nf6 16. O-O Be6 17. Nd5 Bxd5 18. cxd5 Nd7 19. Bb5 f5 20. Kh1 fxe4 21.
fxe4 Ne5 22. Rxf8+ Qxf8 23. Qf2 Bf6 24. Qe2 h5 25.
Rc7 Ng4 26. Bg1 Qb8 27. Qc2 Ne5 28. Bxa4 Kg7 29. Bb6 Qf8 30. Bd4 Ng4 31. Bg1 Be5 32.
h3 Nf6 33. Rxb7 Rc8 34. Qb1 Ra8 35. Bc2 Rxa3 36. b5 Rg3 37. Qe1 Rg5 38. Be3 Bg3 39. Qd2 Re5 40. Bh6+ Kh7 41. Bxf8 Nxe4 42. Bxe4 Rxe4 43.
Rxe7+ Rxe7 44. Bxe7 Kg8 45. b6 Be5 46. b7 1-0

[Event "*** SCC Grand Prix: Titled Tuesday Blitz"]
[Site "Chess.com"]
[Date "2020.07.21"]
[Round "3"]
[White "platy3"]
[Black "aa175"]
[Result "1-0"]
[WhiteElo "2763"]
[BlackElo "2490"]
[TimeControl "180+1"]
[EndTime "10:28:46 PDT"]
[Termination "platy3 won on time"]

1. e4 c5 2. Nf3 d6 3. d4 cxd4 4.
Nxd4 Nf6 5. Nc3 a6 6. Bg5 Nbd7 7. Qe2 e6 8. f4 h6 9. Bh4 g5 10. fxg5 hxg5 11. Bxg5 b5 12. a3 Bb7 13. O-O-O Rc8 14.
Qe1 Be7 15. h4 Rxc3 16. Qxc3 Nxe4 17. Bxe7 Nxc3 18. Bxd8 Nxd1 19. Kxd1 Kxd8 20. Rh2 Ne5 21. Ke1 Ke7 22. Be2 f5 23. g3 Ng6 24. Kf2 Kf6 25.
Bf3 Bxf3 26. Nxf3 e5 27. Rh1 d5 28. c3 f4 29. gxf4 Nxf4 30. Ke3 Rg8 31. Rh2 Rg3 32. Kf2 Rg4 33. Ke3 Kf5 34. h5 e4 35. Nd4+ Ke5 36. h6 Rg3+ 37. Kf2 Rg8 38. h7 Rh8 39. Ke3 Ng6 40. Rh5+ Kf6 41. Rxd5 Rxh7 42. Rd6+ Kg5 43.
Kxe4 Rh4+ 44. Kd5 Nf4+ 45. Kc6 Nd3 46. b4 Ne5+ 47. Kb7 Nc4 48. Rxa6 Rh6 49. Rxh6 Kxh6 50. Nxb5 Kg5 51. a4 Kf5 52. a5 Ke5 53. a6 Kd5 54.
a7 Ke4 55. a8=Q Kd3 56. Qd8+ Kc2 57. Qd4 Nd2 58. Qxd2+ Kb3 59. c4 1-0

[Event "*** SCC Grand Prix: Titled Tuesday Blitz"]
[Site "Chess.com"]
[Date "2020.07.21"]
[Round "3"]
[White "LuckSlayeer"]
[Black "Bazarov04"]
[Result "1/2-1/2"]
[WhiteElo "2401"]
[BlackElo "2600"]
[TimeControl "180+1"]
[EndTime "10:28:46 PDT"]
[Termination "Game drawn by repetition"]

1. Nf3 Nf6 2. c4 e6 3. g3 d5 4. Bg2 g6 5. O-O Bg7 6. d4 O-O 7. cxd5 exd5 8. Nc3 b6 9. Bf4 Bb7 10. Rc1 Na6 11. Ne5 c5 12. dxc5 Nxc5 13. Nb5 Nfe4 14.
Nd3 a6 15. Nxc5 bxc5 16. Nc3 Nxc3 17. bxc3 Bc6 18. c4 Qa5 19. cxd5 Bb5 20. d6 Rad8 21.
Rxc5 Qxa2 22. Bf3 Rfe8 23. Rc2 Qa3 24. Qd5 h6 25. Rc7 Rd7 26. Rxd7 Bxd7 27. Rc1 g5 28. Bd2 Qb2 29. Rc7 Be6 30. Qd3 Be5 31. d7 Rd8 32.
Rc8 Rxc8 33. dxc8=Q+ Bxc8 34. Qd8+ Kg7 35. Qxc8 Qxd2 36.
Qxa6 Qd4 37. Kg2 g4 38. Bxg4 Qxg4 39. Qd3 Qe6 40. f3 Bf6 41. e4 Qb6 42. f4 Bd4 43. Kh3 Qb2 44. e5 Bg1 45. Kg4 Qxh2 46. Qe4 Qb2 47. f5 Bd4 48. f6+ Kg8 49. Qa8+ Kh7 50. Qe4+ Kh8 51. Qa8+ Kh7 52. Qe4+ Kg8 53. Qa8+ Kh7 1/2-1/2

[Event "*** SCC Grand Prix: Titled Tuesday Blitz"]
[Site "Chess.com"]
[Date "2020.07.21"]
[Round "3"]
[White "Paul66666"]
[Black "Alexander_Moskalenko"]
[Result "0-1"]
[WhiteElo "2496"]
[BlackElo "2778"]
[TimeControl "180+1"]
[EndTime "10:28:47 PDT"]
[Termination "Alexander_Moskalenko won on time"]

1. d4 d6 2. e4 Nf6 3. Nc3 e5 4.
Nf3 Nbd7 5. Bc4 Be7 6. O-O O-O 7.
a4 a6 8. Re1 b6 9. b3 Bb7 10.
Bb2 c6 11. d5 cxd5 12. Nxd5 Nc5 13. Nxf6+ Bxf6 14. Bd5 Qc7 15. c4 g6 16. Rc1 Kh8 17.
Ba3 Rad8 18. b4 Ne6 19. b5 Nc5 20. Bxc5 dxc5 21. bxa6 Bxa6 22. Qb3 Kg7 23. Rb1 Rd6 24.
Qa3 Rb8 25. g3 Bc8 26. Rb3 Rd8 27. Reb1 Bd7 28. Qb2 Bxa4 29. Rxb6 Rxb6 30. Qxb6 Qxb6 31. Rxb6 Rd7 32. h4 Ra7 33. Ng5 h6 34. Nf3 Bd7 35.
Kg2 Bd8 36. Rb3 Bc7 37. Ne1 Bd6 38. Nd3 Kf6 39. Rb6 Ke7 40. Rb3 f6 41. Rb6 h5 42.
Nc1 Bc7 43. Rb1 Ba5 44. Ra1 Bb6 45. Rb1 Bc7 46. Nd3 Bd6 47. Rb6 Ra3 48. Nc1 Ra1 49. Nd3 Rd1 50. Rb3 f5 51. Rb7 Kd8 52. Nb2 Rb1 53. exf5 gxf5 54. Rb6 Bc7 55. Rb7 e4 56. Rb3 Be5 0-1

[Event "*** SCC Grand Prix: Titled Tuesday Blitz"]
[Site "Chess.com"]
[Date "2020.07.21"]
[Round "3"]
[White "AlexOstrovskiy"]
[Black "margarita_2703"]
[Result "1-0"]
[WhiteElo "2605"]
[BlackElo "2384"]
[TimeControl "180+1"]
[EndTime "10:28:48 PDT"]
[Termination "AlexOstrovskiy won by resignation"]

1. d4 d5 2. Bf4 c5 3. e3 Nf6 4. c3 Nc6 5. Nd2 Qb6 6. Qb3 c4 7. Qc2 g6 8. e4 Nxe4 9. Nxe4 dxe4 10.
Bxc4 Bg7 11. Ne2 O-O 12. Be3 Qc7 13. Bb3 Na5 14. Qxe4 Nxb3 15. axb3 Bf5 16. Qf3 e5 17.
dxe5 Bxe5 18. h3 Rae8 19. O-O Be4 20. Qg4 f5 21. Qh4 a6 22. Rfe1 f4 23. Bd4 Bxg2 24.
Bxe5 Qxe5 25. Nxf4 Be4 26. Ng2 Qd5 27. Rad1 Qc6 28.
Ne3 Bh1 29. Qc4+ Kg7 30. Qxc6 Bxc6 31. Nc4 Rxe1+ 32. Rxe1 Re8 33. Rxe8 Bxe8 34. b4 Kf6 35.
Kg2 Ke6 36. Kf3 Kd5 37. Ne3+ Ke5 38. h4 Bc6+ 39. Kg4 Kf6 40. Kf4 h6 41. Ng4+ Kg7 42.
Ke5 g5 43. hxg5 hxg5 44. Kf5 Bf3 45. Kxg5 Bd1 46. f4 Bc2 47. Ne5 Bb3 48. f5 Ba2 49.
f6+ Kf8 50. Kf5 Bb1+ 51. Ke6 Ba2+ 52. Kd6 Bb1 53. Kc7 Be4 54. Nd7+ Kf7 55. Nc5 Bf3 56. Nxb7 Kxf6 57. Nc5 Be2 58. Kb6 1-0

[Event "*** SCC Grand Prix: Titled Tuesday Blitz"]
[Site "Chess.com"]
[Date "2020.07.21"]
[Round "3"]
[White "Haapana"]
[Black "louis198"]
[Result "0-1"]
[WhiteElo "2340"]
[BlackElo "2569"]
[TimeControl "180+1"]
[EndTime "10:28:48 PDT"]
[Termination "louis198 won by resignation"]

1. d4 e6 2. e4 d5 3. e5 c5 4. c3 Qb6 5. Nf3 Bd7 6. Be2 cxd4 7. cxd4 Bb5 8. Nc3 Bb4 9. O-O Bxc3 10. bxc3 Bxe2 11. Qxe2 Qa6 12. Qb2 Nc6 13. Rb1 b6 14.
Be3 Nge7 15. Rfc1 O-O 16. Nd2 Rac8 17. c4 dxc4 18. Nxc4 Na5 19. Nd6 Rxc1+ 20. Rxc1 Nd5 21. Bd2 Qe2 22. Qc2 Qg4 23. Qe4 Qxe4 24. Nxe4 Nb7 25.
Kf1 Rd8 26. Ke2 Kf8 27. g3 h6 28. f4 Ke7 29. Kd3 Kd7 30. a3 f5 31. exf6 gxf6 32. Nc3 Nxc3 33. Bxc3 Nd6 34. Bb4 Nb7 35. Ke4 a5 36. Bd2 Nd6+ 37. Kd3 f5 38. Be3 Ne4 39. a4 Nf6 40. Rb1 Nd5 41. Bd2 Rc8 42. Rc1 Nb4+ 43. Ke3 Rxc1 44. Bxc1 Kd6 45. Bd2 Kd5 46. Bxb4 axb4 47.
Kd3 b3 48. Kc3 b2 49. Kxb2 Kxd4 50. Kb3 Kc5 51. Kc3 h5 52. h3 Kd5 53. Kb4 e5 54.
fxe5 Kxe5 55. h4 f4 56. gxf4+ Kxf4 57. Kb5 Kg4 58. Kxb6 Kxh4 59. a5 Kg3 60. a6 h4 61.
a7 h3 62. a8=Q Kh2 63. Qh1+ Kxh1 0-1

[Event "*** SCC Grand Prix: Titled Tuesday Blitz"]
[Site "Chess.com"]
[Date "2020.07.21"]
[Round "3"]
[White "fischercapa"]
[Black "Oneofmyturns"]
[Result "0-1"]
[WhiteElo "2494"]
[BlackElo "2732"]
[TimeControl "180+1"]
[EndTime "10:28:49 PDT"]
[Termination "Oneofmyturns won by resignation"]

1. e4 e5 2. Nc3 Nf6 3. f4 exf4 4.
d4 d5 5. e5 Bg4 6. Be2 Bxe2 7.
Qxe2 Nfd7 8. Bxf4 Nb6 9. Nf3 Qd7 10. O-O Nc6 11. Nd1 O-O-O 12. a4 a5 13. c3 Re8 14.
Ne3 Be7 15. Qb5 f6 16. Bg3 Rhf8 17. b4 axb4 18. a5 Nc4 19. Nxd5 N6xe5 20. Nxe7+ Rxe7 21. Qxb4 Nxf3+ 22. Rxf3 Nd2 23. Rd3 Ne4 24. a6 b6 25.
a7 Kb7 26. Qa3 Ka8 27. Re3 Rfe8 28. Rae1 f5 29. Be5 g6 30. Ra1 Qc6 31. Qa6 Rd7 32.
c4 Qb7 33. Qxb7+ Kxb7 34. Rea3 Ra8 35. h3 Nd6 36. Bxd6 Rxd6 37. d5 c6 38. Re3 Rd7 39. Re6 cxd5 40. cxd5 Rxa7 41. Rb1 Ra6 42. d6 Ra5 43.
Re7 Rxe7 44. dxe7 Re5 45. Kf2 Rxe7 46. Kf3 Kc6 47. Kf4 b5 48. g4 fxg4 49. hxg4 Kc5 50. Kg5 b4 51. Kf6 Rb7 52. Rc1+ Kd4 53. Rd1+ Kc3 54.
Rc1+ Kd2 55. Rb1 b3 56. Ke5 b2 0-1

[Event "*** SCC Grand Prix: Titled Tuesday Blitz"]
[Site "Chess.com"]
[Date "2020.07.21"]
[Round "3"]
[White "51616516516"]
[Black "chessplayer9919"]
[Result "1-0"]
[WhiteElo "2419"]
[BlackElo "2621"]
[TimeControl "180+1"]
[EndTime "10:28:49 PDT"]
[Termination "51616516516 won by checkmate"]

1. d4 Nf6 2. c4 c5 3. Nf3 cxd4 4.
Nxd4 Nc6 5. Nc3 e6 6. g3 Be7 7.
Bg2 O-O 8. O-O Qc7 9. Bf4 d6 10. Ndb5 Qb6 11. Bxd6 Rd8 12. c5 Qa5 13. a3 Rd7 14. b4 Qd8 15. Bxe7 Qxe7 16. Qb3 Ne8 17. Rad1 a6 18. Bxc6 Rxd1 19. Rxd1 bxc6 20. Nd6 Nc7 21. Na4 e5 22. Nb6 Be6 23. Qa4 Rd8 24. Qxc6 Nb5 25. a4 Nd4 26. Qe4 f6 27. h4 Bb3 28.
Rxd4 Qe6 29. Rd2 h5 30. Kg2 Qe7 31. Qe3 Be6 32. Nd5 Qd7 33. Nc3 Qc6+ 34. f3 Qc7 35. b5 axb5 36. axb5 Qe7 37. b6 Bc8 38. b7 Bxb7 39. Nxb7 Rxd2 40. Qxd2 Kh7 41. Qd5 Qe8 42.
Qe4+ Kh8 43. c6 Qc8 44. Nb5 Qe6 45. c7 Qa2 46. c8=Q+ Qg8 47. Qxg8+ Kxg8 48. Qg6 Kh8 49. N5d6 Kg8 50. Nd8 Kh8 51. Ne6 Kg8 52. Qxg7# 1-0

[Event "*** SCC Grand Prix: Titled Tuesday Blitz"]
[Site "Chess.com"]
[Date "2020.07.21"]
[Round "3"]
[White "bazar-wokzal"]
[Black "KaspMagAlpha"]
[Result "1-0"]
[WhiteElo "2448"]
[BlackElo "2218"]
[TimeControl "180+1"]
[EndTime "10:28:50 PDT"]
[Termination "bazar-wokzal won on time"]

1. e4 c5 2. c3 Nf6 3. e5 Nd5 4. d4 cxd4 5. cxd4 e6 6. Nc3 Bb4 7. Bd2 Nc7 8. Qg4 Kf8 9. Nf3 h6 10. Bd3 d6 11. O-O-O Bxc3 12. bxc3 Nd5 13. c4 Ne7 14.
Bb4 Nf5 15. Bxf5 exf5 16. Qf4 Kg8 17. Bxd6 Qa5 18. Qd2 Qa6 19. Qc2 Nd7 20. h4 Nb6 21. Nd2 Bd7 22. Rde1 Nxc4 23. Qxc4 Rc8 24. Bc5 Qxc4+ 25.
Nxc4 b6 26. Rh3 bxc5 27. d5 Kh7 28. Ra3 Rc7 29. Nd6 Rf8 30. e6 fxe6 31. dxe6 Be8 32. e7 Rg8 33. Nxf5 g6 34. Nd6 Rc6 35. Ne4 Re6 36.
Ng5+ hxg5 37. Rxe6 gxh4 38. Rxa7 Rg7 39. Ra8 Rg8 40.
Rd6 Kg7 41. a4 Kf7 42. Ra7 g5 43. a5 g4 44. a6 Rh8 45. Rc7 h3 46. gxh3 gxh3 47.
a7 h2 48. Rd1 Bc6 49. Rxc6 h1=Q 50. Rxh1 Rxh1+ 51. Kb2 Rh8 52. Rb6 Ra8 53. Rb8 1-0

[Event "*** SCC Grand Prix: Titled Tuesday Blitz"]
[Site "Chess.com"]
[Date "2020.07.21"]
[Round "3"]
[White "Gulkov_Igor"]
[Black "GukeshDommaraju"]
[Result "0-1"]
[WhiteElo "2417"]
[BlackElo "2711"]
[TimeControl "180+1"]
[EndTime "10:28:51 PDT"]
[Termination "GukeshDommaraju won by resignation"]

1. Nf3 d5 2. d4 Nf6 3. c4 e6 4.
Nc3 Bb4 5. Bg5 h6 6. Bxf6 Qxf6 7. e3 O-O 8. Bd3 dxc4 9. Bxc4 c5 10. O-O cxd4 11. Qxd4 Qxd4 12. Nxd4 Bxc3 13. bxc3 Bd7 14.
Rab1 Rc8 15. Be2 b6 16. Bf3 Nc6 17. Rfd1 Nxd4 18. cxd4 Rab8 19. Rdc1 Kf8 20. Kf1 Ke7 21. Ke1 g5 22. Kd2 f5 23. g3 Kd6 24. Be2 Bc6 25.
Rc3 Bd5 26. Rb2 Rxc3 27. Kxc3 g4 28. a3 h5 29. Kd2 h4 30. Rb1 Rh8 31. Rc1 Rh7 32.
Ra1 hxg3 33. hxg3 Rh2 34. Rf1 Bg2 35. Rg1 Bd5 36. Rf1 a5 37. Bd3 Kc6 38. Kc3 b5 39. Rb1 Rxf2 40. Bxb5+ Kd6 41. Bd3 Rf3 42. Kd2 Rxg3 43.
Rb6+ Kc7 44. Ra6 Rg2+ 45. Kc3 g3 46. Rxa5 Ra2 47. Ra7+ Kb6 48. Rg7 g2 49. Kb4 Ra1 0-1

[Event "*** SCC Grand Prix: Titled Tuesday Blitz"]
[Site "Chess.com"]
[Date "2020.07.21"]
[Round "3"]
[White "czasnaszachy"]
[Black "Boudicca64"]
[Result "1/2-1/2"]
[WhiteElo "2247"]
[BlackElo "1790"]
[TimeControl "180+1"]
[EndTime "10:28:51 PDT"]
[Termination "Game drawn by repetition"]

1. d4 g6 2. c4 Bg7 3. Nc3 c5 4. d5 Bxc3+ 5. bxc3 f5 6. e4 fxe4 7. h4 Nf6 8. Ne2 d6 9. Ng3 e5 10. h5 Bg4 11. Be2 gxh5 12. Nxh5 Bxh5 13. Bxh5+ Nxh5 14. Qxh5+ Kd7 15. Bg5 Qe8 16. Qg4+ Kc7 17. Qxe4 Nd7 18. Rxh7 Rxh7 19. Qxh7 Qg8 20. Qh4 Qg7 21. O-O-O Rh8 22. Qg3 Rg8 23. Bh4 Qh6+ 24. Qe3 Qxe3+ 25. fxe3 Rxg2 26.
Rd2 Rg4 27. Bf2 Rxc4 28. Kc2 e4 29. Kb3 Ne5 30. Bg3 b5 31. Bxe5 dxe5 32. d6+ Kd7 33. Rd5 a5 34. a3 a4+ 35. Kb2 b4 36. axb4 cxb4 37. cxb4 Rxb4+ 38. Kc3 Rb3+ 39. Kc4 Rxe3 40. Rxe5 Kxd6 41. Ra5 Ra3 42. Kd4 e3 43. Ra6+ Ke7 44. Ra7+ Kd6 45. Ra6+ Kc7 46. Ra7+ Kb6 47. Re7 Ra1 48.
Rxe3 Kb5 49. Kc3 Ra3+ 50. Kd2 Rxe3 51. Kxe3 Kb4 52. Kd2 Kb3 53. Kc1 Ka2 54. Kc2 a3 55. Kc1 Ka1 56. Kc2 Ka2 57. Kc1 Ka1 58. Kc2 Ka2 1/2-1/2

[Event "*** SCC Grand Prix: Titled Tuesday Blitz"]
[Site "Chess.com"]
[Date "2020.07.21"]
[Round "3"]
[White "CrushingKings"]
[Black "Aronyak1"]
[Result "0-1"]
[WhiteElo "2529"]
[BlackElo "2785"]
[TimeControl "180+1"]
[EndTime "10:28:52 PDT"]
[Termination "Aronyak1 won by resignation"]

1. e4 c5 2. d4 cxd4 3. c3 d3 4. Bxd3 Nc6 5. c4 g6 6. Nf3 Bg7 7. h3 d6 8. O-O Nf6 9. Nc3 O-O 10. Be3 Be6 11. Rc1 Rc8 12. b3 Nd7 13. Qe2 Qa5 14.
Nd5 Bxd5 15. exd5 Nce5 16. Bb1 Nxf3+ 17. Qxf3 a6 18. Bg5 Rfe8 19. Rfe1 Bf6 20. Qg4 h5 21. Qh4 b5 22. f4 bxc4 23. bxc4 Bxg5 24. Qxg5 Kg7 25. Bxg6 Nf6 26. Bf5+ Kf8 27. Bxc8 Rxc8 28. Qh6+ Kg8 29. Rxe7 Qd2 30. Rce1 Qd4+ 31. Kh2 Rf8 32.
Qg5+ Kh8 33. R1e3 Nh7 34. Qh6 Qf6 35. Qxf6+ Nxf6 36. Ra7 Kg7 37. Ree7 Kg6 38. Rxa6 Rc8 39. Rxd6 Rxc4 40. f5+ Kg7 41. Ra7 h4 42. Rxf6 Kxf6 43. Ra6+ Kxf5 44. Rh6 Kg5 45. Rh7 Kg6 46. Rh8 Rd4 47. Rd8 Ra4 48. d6 Kf6 49. Re8 Rd4 50. Rh8 Kg7 51. Rd8 Kf6 52. a4 Rxa4 53. Re8 Rd4 54. g3 Rd2+ 55. Kg1 hxg3 56. Rg8 Rd3 57. Rxg3 Rxg3+ 58. Kf2 Rd3 0-1

[Event "*** SCC Grand Prix: Titled Tuesday Blitz"]
[Site "Chess.com"]
[Date "2020.07.21"]
[Round "3"]
[White "Steven_Rojas"]
[Black "CzechmVIII"]
[Result "1-0"]
[WhiteElo "2397"]
[BlackElo "2191"]
[TimeControl "180+1"]
[EndTime "10:28:52 PDT"]
[Termination "Steven_Rojas won by resignation"]

1. e4 c5 2. Nf3 d6 3. d4 cxd4 4. Nxd4 Nf6 5. Nc3 g6 6. Be2 Bg7 7. Bg5 Nc6 8. Nb3 O-O 9. O-O Be6 10. f4 b5 11. Bf3 b4 12. Nd5 a5 13. Nxf6+ exf6 14. Bh4 a4 15. f5 Bc4 16. Nd4 Nxd4 17. Qxd4 Bxf1 18. Rxf1 Rb8 19. Kh1 Qb6 20. Qd2 Rfc8 21.
fxg6 fxg6 22. Bg4 Re8 23. Qd5+ Kh8 24. Bd7 Re5 25. Qd3 Qc7 26. Bxa4 Qe7 27. Bg3 Rd8 28. Bxe5 dxe5 29. Qe3 f5 30. exf5 gxf5 31. Bb3 e4 32. g3 Qf6 33. Kg2 Qe5 34. Rf2 Qf6 35. Qc5 Qxb2 36.
Qxf5 Qd4 37. Re2 e3 38. Qf3 Rf8 39. Qxe3 Qxe3 40. Rxe3 h6 41. Re4 Bc3 42. Re7 Rd8 43.
Kh3 Rd2 44. Rc7 Rf2 45. a4 Rf1 46. a5 Ra1 47. Rc8+ Kg7 48. Ra8 Bd4 49. a6 Bg1 50.
Rg8+ Kf6 51. Kg2 Be3 52. Rf8+ Ke5 53. Ra8 Kd4 54. Rd8+ Kc3 55. Rd3+ Kb2 56. Rxe3 Rxa6 57. Re6 Ra1 58. Rxh6 Rc1 59. Rb6 Rxc2+ 60. Bxc2 Kxc2 61. Rxb4 Kc3 62. Rf4 1-0